Map: Heavy Artillery LE

Players

Björn

  • Race: Zerg Zerg
  • League: Platinum
  • Spawn Location: 3:00

novice

  • Race: Terran Terran
  • Spawn Location: 1:00

Nyck - Winner!

  • Race: Terran Terran
  • Spawn Location: 7:00

Ekelpack - Winner!

  • Race: Zerg Zerg
  • Spawn Location: 7:00

VOD

Have the link to the VOD?

Description

Time

  • Played on: Nov. 16, 2020, 12:50 p.m.
  • Length: 19:59
Show
View Real Time Build Order
Export as new Build Order

Björn Zerg 

Build Orders: Hatch First 

Get SALT Encoding   

  12  0:02  Drone  
  13  0:13  Overlord  
  13  0:17  Drone  
  14  0:31  Drone x2  
  14  0:35  Drone  
  17  0:53  Hatchery  
  17  0:56  Drone  
  17  1:00  Drone  
  18  1:11  Extractor  
  17  1:15  Spawning Pool  
  17  1:18  Drone  
  17  1:21  Drone  
  18  1:30  Drone  
  19  1:40  Overlord  
  19  1:49  Drone  
  20  2:02  Queen  
  20  2:06  Queen  
  20  2:07  Zergling x4  
  26  2:11  Drone  
  26  2:14  Metabolic Boost  
  27  2:16  Drone  
  28  2:30  Zergling x4  
  28  2:37  Drone  
  31  2:38  Drone  
  32  2:44  Baneling Nest  
  31  2:53  Hatchery  
  32  3:12  Drone x3  
  32  3:13  Drone x3  
  35  3:25  Overlord  
  35  3:29  Baneling x2  
  35  3:31  Drone  
  36  3:43  Queen  
  36  3:47  Zergling x10  
  43  3:55  Zergling x2  
  44  3:56  Overlord x2  
  44  3:57  Overlord  
  44  4:05  Overlord  
  44  4:09  Drone x3  
  47  4:14  Drone x3, Extractor  
  49  4:24  Spore Crawler  
  49  4:25  Drone x2  
  49  4:27  Drone  
  49  4:30  Drone  
  52  4:37  Spore Crawler, Overlord  
  51  4:40  Drone x2  
  51  4:41  Drone  
  51  4:44  Drone x2  
  56  4:51  Queen  
  58  4:53  Drone  
  58  4:54  Drone  
  58  4:55  Drone  
  61  5:08  Drone x7  
  68  5:14  Lair  
  68  5:19  Drone  
  68  5:20  Drone x4  
  73  5:33  Drone x6  
  79  5:40  Zergling x4  
  79  5:42  Hatchery, Zergling x2  
  82  5:45  Evolution Chamber  
  82  5:48  Zergling x4  
  82  5:51  Overlord x2  
  76  6:15  Queen x3  
  78  6:23  Spore Crawler  
  77  6:27  Spore Crawler  
  74  6:50  Queen x2  
  74  6:51  Queen  
  74  6:52  Zerg Melee Weapons Level 1  
  79  7:08  Drone x2  
  79  7:09  Drone x12  
  83  7:34  Spore Crawler  
  83  7:36  Spore Crawler  
  81  7:43  Hydralisk Den  
  81  7:44  Extractor  
  79  7:48  Extractor  
  79  7:49  Extractor  
  77  7:51  Spore Crawler  
  77  7:53  Zergling x2  
  77  7:54  Zergling x8  
  77  7:57  Baneling  
  77  7:58  Baneling x6  
  81  8:01  Overlord x2  
  81  8:03  Overlord  
  79  8:11  Hydralisk  
  81  8:14  Overlord x3  
  81  8:15  Overlord x2  
  81  8:24  Spore Crawler, Muscular Augments  
  80  8:33  Hydralisk  
  80  8:34  Hydralisk x11  
  100  8:53  Hydralisk  
  100  8:54  Hydralisk x7  
  115  9:05  Drone  
  115  9:06  Drone x4  
  115  9:07  Zerg Melee Weapons Level 2  
  120  9:35  Hydralisk x2  
  120  9:36  Zergling x8, Hydralisk x2  
  120  9:37  Hatchery, Zergling x2  
  120  9:38  Extractor  
  131  9:39  Hatchery, Extractor  
  131  9:44  Evolution Chamber  
  128  9:45  Overseer  
  128  9:46  Overseer  
  127  9:55  Zergling x12  
  127  9:57  Baneling x3  
  127  9:58  Baneling x3  
  134  10:07  Zergling x6  
  134  10:10  Grooved Spines  
  136  10:30  Zergling x18  
  136  10:31  Zergling x2  
  136  10:35  Baneling  
  146  10:36  Baneling x15  
  141  11:14  Drone x10  
  149  11:27  Zerg Ground Armor Level 1  
  149  11:31  Drone x3  
  152  11:33  Infestation Pit  
  151  11:43  Centrifugal Hooks  
  151  11:45  Hydralisk x3  
  141  12:09  Drone x5  
  141  12:10  Drone x4  
  150  12:16  Drone  
  150  12:18  Overlord x3  
  151  12:25  Spore Crawler  
  151  12:26  Spore Crawler  
  151  12:29  Drone x2, Spore Crawler  
  150  12:30  Spore Crawler x2, Drone  
  150  12:32  Spore Crawler x2  
  150  12:33  Hydralisk x2  
  150  12:34  Spore Crawler  
  150  12:37  Overlord x3  
  150  12:38  Overlord  
  150  12:41  Drone x6  
  150  12:42  Drone  
  157  12:49  Queen  
  157  12:50  Extractor  
  157  12:51  Spore Crawler  
  158  12:58  Drone x3  
  158  12:59  Drone x3  
  163  13:10  Hatchery, Extractor  
  161  13:16  Drone x5, Lurker Den  
  165  13:44  Baneling  
  165  13:45  Baneling x6  
  165  13:46  Hydralisk x4  
  165  13:47  Zergling x10, Hydralisk x6  
  165  13:48  Zergling x6  
  189  13:59  Drone x6  
  166  14:22  Zergling x4  
  166  14:23  Zergling x14  
  159  14:28  Hydralisk x3  
  159  14:29  Zergling x2  
  134  14:39  Hydralisk  
  134  14:40  Hydralisk x3  
  138  14:50  Hydralisk x2  
  138  14:51  Zergling x4  
  133  15:14  Spire  
  116  15:28  Hydralisk x2  
  116  15:29  Zergling x12, Hydralisk x3  
  116  15:30  Zergling x2  
  110  15:42  Hatchery  
  105  15:58  Hydralisk x8  
  105  15:59  Hydralisk x10  
  140  16:27  Hydralisk x3  
  140  16:28  Zergling x12, Hydralisk x4  
  160  16:41  Zergling x4, Hydralisk x2  
  152  17:02  Zergling x20  
  152  17:03  Zergling x6  
  155  17:24  Zergling x2, Hydralisk x3  
  155  17:25  Zergling x8  
  163  17:37  Hydralisk x2  
  163  17:38  Zergling x2  
  167  18:01  Zergling x18  
  169  18:08  Zergling x2, Corruptor  
  148  18:27  Corruptor  
  148  18:28  Corruptor  
Show
View Real Time Build Order
Export as new Build Order

novice Terran 

Build Orders:  

Get SALT Encoding   

  12  0:03  SCV  
  13  0:16  SCV  
  14  0:24  Supply Depot  
  14  0:28  SCV  
  15  0:46  SCV  
  16  0:51  Barracks  
  16  1:01  Refinery  
  16  1:38  SCV  
  17  1:47  Command Center  
  17  1:48  Barracks Reactor  
  17  1:51  Orbital Command  
  17  2:25  Marine x2  
  19  2:39  Barracks  
  19  2:41  SCV  
  19  2:43  Marine x2  
  22  2:53  SCV  
  23  3:00  Marine  
  23  3:01  Marine  
  23  3:05  SCV  
  26  3:17  SCV  
  26  3:18  Marine x2  
  29  3:28  Factory  
  29  3:29  SCV  
  29  3:31  Barracks Reactor  
  30  3:36  Marine x2  
  30  3:40  SCV  
  33  3:52  SCV  
  33  3:54  Marine x2  
  36  4:04  SCV  
  37  4:12  Marine  
  38  4:20  Starport  
  38  4:27  Supply Depot  
  38  4:29  Supply Depot  
  38  4:40  Factory Tech Lab  
  38  4:48  Marine x4  
  38  4:49  Supply Depot, SCV  
  38  4:51  Supply Depot  
  43  4:59  Refinery, Medivac  
  45  5:01  SCV  
  45  5:06  Marine x4  
  50  5:24  SCV, Marine x4  
  55  5:29  Medivac  
  57  5:36  SCV  
  57  5:42  Marine x4  
  62  5:48  SCV  
  63  5:58  Engineering Bay  
  63  6:00  SCV  
  64  6:12  Starport Tech Lab, Cyclone, SCV  
  64  6:16  Marine x2  
  70  6:37  Supply Depot  
  70  6:40  Supply Depot x2  
  70  6:42  Supply Depot  
  70  6:58  Marine x4, Cyclone  
  77  7:16  Marine x4  
  81  7:27  Missile Turret  
  81  7:30  Cyclone  
  81  7:34  Marine x4  
  88  7:48  Missile Turret  
  88  7:51  Marine x4  
  92  8:02  Cyclone  
  95  8:09  Fusion Core  
  95  8:19  Marine  
  94  8:20  Marine x3  
  94  8:21  Missile Turret  
  87  8:35  Cyclone  
  87  8:37  Marine  
  87  8:38  Marine x3  
  94  8:43  Missile Turret  
  94  8:51  Supply Depot  
  94  8:52  Supply Depot  
  94  8:55  Supply Depot  
  94  9:09  Missile Turret  
  94  9:32  Missile Turret  
  94  9:41  Marine  
  94  9:42  Marine x3  
  101  9:45  Cyclone  
  101  9:53  Missile Turret  
  101  9:59  Marine x3  
  102  10:00  Marine  
  101  10:17  Marine x4, Cyclone  
  108  10:32  Missile Turret  
  108  10:35  Marine x4  
  115  10:50  Cyclone  
  115  10:53  Missile Turret  
  115  11:13  Barracks  
  115  11:20  Missile Turret  
  115  11:22  Cyclone, Command Center  
  117  11:44  Missile Turret  
  117  12:06  Missile Turret  
  117  12:11  Command Center  
  117  12:18  Missile Turret  
  117  12:27  Missile Turret  
  117  12:28  SCV  
  118  12:42  Missile Turret  
  118  12:50  Missile Turret  
  118  13:01  Supply Depot  
  118  13:02  Barracks Tech Lab  
  118  13:03  Missile Turret  
  118  13:13  Missile Turret  
  118  13:20  Combat Shield  
  118  13:22  SCV x2, Marine x4  
  118  13:23  Battlecruiser  
  118  13:24  Supply Depot  
  130  13:35  SCV x2  
  130  13:40  Marine x2  
  134  13:47  SCV  
  135  13:49  Supply Depot  
  135  13:55  SCV  
  136  13:59  SCV  
  137  14:07  SCV  
  138  14:11  SCV  
  138  14:13  Marine x3  
  138  14:14  Marine x2  
  144  14:19  SCV  
  145  14:27  Medivac  
  145  14:31  SCV, Marine x4  
  152  14:38  Stimpack  
  152  14:43  SCV  
  153  14:56  Marauder  
  153  14:57  Marine  
  153  14:58  Marine  
  157  15:29  Marine  
  157  15:30  Marauder  
  157  15:32  Marine x3  
  157  15:48  Marine, Viking  
  156  15:50  Marine x3  
  156  15:52  Marauder  
  142  16:06  Marine  
  142  16:08  Marine x2  
  129  16:13  Marauder  
  129  16:18  Viking  
  130  16:28  Marine x4  
  134  16:35  Cyclone, Marauder  
  139  16:46  Marine x4  
  143  16:48  Viking  
  145  17:03  Marine  
  145  17:04  Marine x3  
  145  17:07  Cyclone  
  152  17:18  Viking  
  152  17:21  Marine x2  
  152  17:22  Marine  
  157  17:23  Marine  
  156  17:59  SCV  
  157  18:45  Marine  
  157  18:46  Marine x3, Viking  
  157  18:48  Cyclone  
  121  19:02  Marine  
  121  19:04  Marine x3  
  108  19:16  Viking  
  101  19:20  Cyclone, Marine  
  101  19:22  Marine x3  
  108  19:38  Marine  
  101  19:39  Marine x3  
Show
View Real Time Build Order
Export as new Build Order

Nyck Terran - Winner!

Build Orders: Reaper Expand 

Get SALT Encoding   

  12  0:01  SCV  
  13  0:13  Supply Depot  
  13  0:23  SCV  
  15  0:35  SCV  
  15  0:37  Barracks  
  15  0:44  Refinery  
  15  0:51  SCV, Refinery  
  16  1:03  SCV  
  17  1:15  SCV  
  18  1:25  Barracks Tech Lab  
  18  1:29  Orbital Command  
  18  1:43  Reaper  
  19  1:58  Command Center  
  19  2:05  SCV  
  20  2:15  Reaper  
  21  2:20  SCV  
  22  2:31  Supply Depot  
  22  2:39  Engineering Bay  
  22  2:41  SCV  
  23  2:52  Reaper  
  23  2:55  Supply Depot  
  24  3:00  SCV  
  25  3:15  SCV  
  26  3:34  Command Center  
  26  3:42  Hi-Sec Auto Tracking  
  26  3:48  Missile Turret  
  26  4:03  Missile Turret  
  26  4:07  Missile Turret  
  26  4:17  SCV  
  26  4:20  Orbital Command  
  27  4:27  Missile Turret x2  
  27  4:31  SCV  
  28  4:43  SCV  
  29  4:55  SCV  
  30  5:02  SCV  
  31  5:15  SCV  
  32  5:26  Orbital Command  
  32  5:27  SCV  
  33  5:31  Refinery  
  33  5:33  Refinery  
  33  5:39  SCV  
  34  5:47  SCV  
  35  5:51  SCV  
  36  5:59  SCV  
  36  6:03  SCV  
  35  6:19  SCV  
  36  6:28  Supply Depot  
  36  6:31  SCV  
  37  6:36  Refinery  
  37  6:39  Refinery  
  37  6:43  SCV  
  38  6:47  Factory  
  38  6:51  Supply Depot  
  38  6:52  Missile Turret  
  38  6:55  SCV  
  39  7:07  SCV, Neosteel Armor  
  40  7:10  SCV  
  40  7:14  Supply Depot  
  40  7:15  Missile Turret  
  41  7:19  SCV  
  41  7:22  SCV  
  43  7:31  SCV  
  43  7:32  Factory  
  43  7:34  SCV x2  
  43  7:36  Supply Depot  
  43  7:37  Missile Turret  
  46  7:41  Factory Tech Lab  
  46  7:43  SCV  
  47  7:46  SCV x2  
  49  7:54  Armory  
  49  7:55  SCV  
  50  7:58  SCV x2  
  50  8:00  Supply Depot  
  50  8:01  Missile Turret  
  50  8:03  Command Center  
  52  8:08  SCV  
  53  8:13  Widow Mine  
  53  8:18  Factory  
  55  8:20  SCV  
  55  8:23  Supply Depot  
  56  8:32  SCV  
  56  8:33  Widow Mine  
  59  8:35  Widow Mine  
  61  8:44  SCV  
  61  8:45  Supply Depot  
  62  8:54  Widow Mine  
  64  8:56  SCV, Widow Mine  
  67  9:04  Factory  
  67  9:07  Supply Depot  
  67  9:10  Terran Vehicle And Ship Armor Level 1  
  67  9:13  Armory  
  67  9:16  Widow Mine  
  69  9:17  Widow Mine  
  71  9:30  Factory Tech Lab  
  71  9:37  Widow Mine  
  73  9:39  Widow Mine  
  75  9:59  Hellion x2  
  81  10:00  Widow Mine  
  81  10:08  Factory Tech Lab  
  81  10:20  Hellion x2  
  89  10:22  Hellion  
  89  10:28  Command Center  
  87  10:39  Command Center  
  87  10:46  Hellion  
  87  10:47  Hellion x2  
  87  10:49  Factory Tech Lab  
  93  11:19  Hellion x2  
  93  11:20  Hellion x2  
  101  11:27  Infernal Pre-Igniter  
  101  11:40  Planetary Fortress  
  101  11:46  Supply Depot  
  101  12:09  Supply Depot  
  101  12:14  Hellion x4  
  109  12:17  Planetary Fortress  
  109  12:32  Supply Depot  
  109  12:55  Supply Depot  
  109  13:01  Thor  
  109  13:02  Thor x3  
  133  13:11  SCV  
  134  13:18  Supply Depot, SCV  
  135  13:23  SCV  
  136  13:30  SCV  
  137  13:35  SCV  
  137  13:41  Supply Depot  
  138  13:42  SCV  
  138  13:47  SCV  
  140  13:54  SCV  
  141  13:59  SCV  
  142  14:04  Supply Depot  
  142  14:06  SCV  
  117  14:33  Siege Tank  
  117  14:34  Siege Tank x3  
  129  14:46  Refinery  
  129  14:48  Refinery  
  129  14:54  Factory  
  129  15:04  Factory  
  129  15:08  Factory x2  
  129  15:09  SCV, Factory  
  130  15:20  Terran Vehicle Weapons Level 1, Terran Vehicle And Ship Armor Level 2  
  130  15:21  SCV  
  131  15:30  Refinery  
  131  15:33  SCV  
  132  15:46  SCV  
  132  15:47  Factory Tech Lab  
  132  15:48  Factory Tech Lab  
  133  15:50  Factory  
  133  15:51  Factory Tech Lab  
  133  15:52  Factory Tech Lab x2  
  133  15:53  Factory  
  133  15:54  Factory  
  133  15:58  SCV  
  128  16:36  Thor  
  128  16:37  Thor x3  
  158  16:46  Missile Turret  
  158  17:07  Missile Turret  
  108  17:45  Thor x4  
  120  18:44  Thor x4  
Show
View Real Time Build Order
Export as new Build Order

Ekelpack Zerg - Winner!

Build Orders: Hatch First, Brood Lord Corruptor 

Get SALT Encoding   

  12  0:05  Drone  
  13  0:13  Overlord  
  13  0:18  Drone  
  14  0:32  Drone  
  15  0:47  Hatchery  
  15  0:49  Drone  
  15  0:53  Drone  
  15  0:56  Drone  
  17  1:13  Spawning Pool  
  17  1:15  Drone  
  17  1:17  Extractor  
  16  1:20  Drone  
  16  1:23  Drone  
  18  1:33  Drone  
  19  1:43  Overlord  
  19  2:00  Queen  
  19  2:01  Queen  
  21  2:02  Drone  
  24  2:10  Drone  
  24  2:12  Drone  
  26  2:17  Metabolic Boost  
  26  2:21  Drone  
  27  2:25  Drone  
  27  2:28  Extractor  
  27  2:29  Drone  
  28  2:33  Drone  
  28  2:35  Drone  
  30  2:46  Drone x2  
  30  2:48  Queen  
  34  2:57  Lair  
  34  3:08  Drone x2  
  34  3:11  Extractor  
  35  3:17  Extractor  
  35  3:19  Drone x2  
  36  3:20  Overlord x2  
  36  3:37  Overlord  
  37  3:48  Drone x2  
  37  3:51  Drone x3  
  37  3:52  Drone x3  
  44  3:59  Drone, Spire  
  44  4:00  Drone  
  45  4:12  Drone x2  
  45  4:14  Drone  
  45  4:15  Drone  
  49  4:28  Overlord  
  49  4:35  Hatchery  
  48  4:38  Lair  
  48  4:49  Overlord  
  48  5:11  Mutalisk x2  
  48  5:12  Mutalisk x7  
  66  5:28  Drone  
  66  5:29  Drone x2  
  69  5:39  Drone x3  
  69  5:40  Drone x2  
  74  5:46  Overlord  
  74  5:47  Overlord  
  74  5:56  Overlord  
  74  6:08  Mutalisk x4  
  74  6:09  Mutalisk  
  84  6:12  Zerg Flyer Weapons Level 1  
  84  6:18  Extractor  
  84  6:21  Extractor  
  82  6:27  Zergling x12, Overlord  
  82  6:28  Overlord x3  
  88  6:45  Zergling x4  
  88  6:46  Zergling x14  
  98  6:47  Zergling x2  
  98  7:06  Infestation Pit  
  98  7:07  Drone x3  
  98  7:08  Drone x3  
  103  7:14  Overlord  
  101  7:43  Mutalisk x6  
  101  7:44  Mutalisk x4  
  111  7:46  Overlord x4  
  121  7:59  Evolution Chamber  
  120  8:30  Mutalisk x5  
  120  8:31  Zergling x4, Mutalisk  
  120  8:32  Zergling x16  
  120  8:33  Zergling x4  
  132  9:01  Hive  
  132  9:04  Zergling x4  
  132  9:05  Zergling x10  
  132  9:06  Zerg Melee Weapons Level 1  
  139  9:29  Overlord x3  
  139  9:58  Hatchery  
  138  10:00  Zergling x2  
  138  10:01  Zergling x12  
  138  10:02  Zergling x10  
  142  10:21  Corruptor x6  
  142  10:22  Corruptor x3  
  142  10:23  Overlord  
  160  10:30  Greater Spire  
  160  10:35  Overlord x2  
  160  10:45  Zergling x8  
  164  11:05  Zerg Melee Weapons Level 2  
  164  11:25  Corruptor x5  
  164  11:28  Zergling x4  
  164  11:29  Zergling x8  
  156  12:26  Brood Lord x3  
  156  12:27  Brood Lord x7  
  156  12:28  Brood Lord x2  
  181  12:30  Zergling x14  
  181  12:31  Zergling x14  
  194  12:38  Drone  
  195  12:50  Zergling x2  
  195  12:51  Zergling x6  
  199  12:56  Drone  
  200  13:03  Zerg Flyer Weapons Level 2  
  200  13:07  Extractor x2  
  198  13:21  Zerg Ground Armor Level 1  
  198  13:22  Queen  
  129  14:53  Zergling x16  
  129  14:54  Zergling x8  
  129  14:58  Queen  
  143  15:04  Drone x6  
  129  15:54  Zergling x2  
  129  15:55  Zergling x10  
  135  16:10  Corruptor x2  
  135  16:11  Corruptor x6  
  132  16:34  Zerg Flyer Weapons Level 3  
  132  16:44  Brood Lord x4  
  132  16:45  Brood Lord x4  
  148  16:48  Corruptor x3  
  153  17:47  Brood Lord  
  153  17:48  Brood Lord x2  
  153  17:49  Corruptor x6  
  153  17:50  Corruptor  
  170  18:52  Hatchery  
  169  19:14  Drone  
Tags
 
Add a new tag
Caveats
  • Supply blocks, unpowered buildings, or Contaminate may cause inaccurate times.
  • Supply counts are checked every 10 seconds.